 Dungeon Crawl Stone Soup version 0.31.0-32-g396128a36d (webtiles) character file.

Game seed: 17112458926726254938

2014 Amplified the Unhurried (level 9, -5/61 (69) HPs)
             Began as a Demonspawn Wanderer on Mar 11, 2024.
             Was a Believer of Cheibriados.
             Slain by a wight
             ... wielding a +3 halberd
              (9 damage)
             ... on level 6 of the Dungeon.
             The game lasted 00:10:49 (5625 turns).

Amplified the Unhurried (Demonspawn Wanderer)       Turns: 5625, Time: 00:10:50

HP:   -5/61 (69)    AC: 15    Str: 17    XL:     9   Next: 2%
MP:   9/14          EV:  7    Int: 26    God:    Cheibriados [**....]
Gold: 193           SH:  0    Dex: 16    Spells: 9/10 levels left

rFire   + . .        a - +0 demon whip
rCold   . . .        (no shield)
rNeg    . . .        p - +0 chain mail
rPois   +            (no helmet)
rElec   .            (no cloak)
rCorr   .            (no gloves)
SInv    .            (no boots)
Will    .....        g - amulet of the acrobat Stlth
                     n - ring of protection from fire
HPRegen 0.00/turn    c - ring of poison resistance
MPRegen 0.14/turn

%: acrobat
@: sanguine armoured, inhibited regen, heavily drained, very slow
A: demonic guardian 1, sanguine armour 1, weakness stinger 2, clever 1,
inhibited regeneration
a: Renounce Religion, Bend Time


You were on level 6 of the Dungeon.
You worshipped Cheibriados.
Cheibriados was pleased with you.
You visited 1 branch of the dungeon, and saw 6 of its levels.

You collected 193 gold pieces.

Inventory:

Hand Weapons
 a - a +0 demon whip (weapon)
 l - a +1 flail
Missiles
 b - 7 poisoned darts
Armour
 p - a +0 chain mail (worn)
 q - a +0 cloak
Jewellery
 c - a ring of poison resistance (right hand)
 d - a ring of ice
 g - an amulet of the acrobat (around neck)
 j - a ring of willpower
 n - a ring of protection from fire (left hand)
Talismans
 f - a blade talisman
Potions
 e - 2 potions of attraction
 i - a potion of enlightenment


   Skills:
 * Level 5.8 Fighting
 * Level 4.9 Maces & Flails
 - Level 1.7 Throwing
 * Level 5.4 Armour
 - Level 1.0 Stealth
 - Level 1.0 Spellcasting
 - Level 2.0 Hexes
 - Level 1.7 Translocations
 * Level 7.9 Invocations


You had 9 spell levels left.
You knew the following spells:

 Your Spells              Type           Power      Damage    Failure   Level
a - Apportation           Tloc           20%        N/A       45%         1

Your spell library contained the following spells:

 Spells                   Type           Power      Damage    Failure   Level
 Jinxbite                 Hex            22%        N/A       56%         2
 Ensorcelled Hibernation  Hex/Ice        12%        N/A       71%         2
 Stone Arrow              Conj/Erth      2%         3d7       97%         3
 Passage of Golubria      Tloc           10%        N/A       99%         4
 Animate Armour           Summ/Erth      2%         N/A       100%        4
 Iskenderun's Mystic Bla  Conj/Tloc      5%         2d3       100%        4
 Lehudib's Crystal Spear  Conj/Erth      0%         10d2      100%        8


Dungeon Overview and Level Annotations

Branches:
Dungeon (6/15)
 Temple: D:4-7

Altars:
Ashenzari
Cheibriados
Yredelemnul

Annotations:
D:5 1 runed translucent door


Innate Abilities, Weirdness & Mutations

A weak demonic guardian rushes to your aid.
When seriously injured, your blood forms armour. (AC +6)
You have a tail ending in a sharp stinger.
Your mind is acute. (Int +4, Str/Dex -1)
You do not regenerate when monsters are visible.


Message History

You closely miss the wight. You tail-slap the wight.
The wight is lightly damaged.
The wight hits you with a +4 scimitar!
The wight hits you from afar with a +3 halberd.
Your blood congeals into armour.
You closely miss the wight.
The wight is lightly damaged.
The wight hits you with a +4 scimitar! The wight hits you but does no damage.
You hit the wight.
The wight is heavily damaged.
The wight hits you but does no damage.
The wight hits you from afar with a +3 halberd!
You feel drained.
Unknown command.
You hit the wight.
The wight is severely damaged.
The wight closely misses you. The wight hits you with a +4 scimitar!
* * * LOW HITPOINT WARNING * * *
A demonic guardian appears!
You feel drained.
* * * LOW HITPOINT WARNING * * *
Unknown command.
You barely miss the wight.
The wight is severely damaged.
The wight hits you but does no damage. The wight hits you with a +4 scimitar!
* * * LOW HITPOINT WARNING * * *
Unknown command.
Okay, then.
You aren't carrying any scrolls.
Unknown command.
Okay, then.
You hit the wight.
The wight is severely damaged.
Your iron imp closely misses the wight.
Unknown command.
Unknown command.
You whack the wight!
You destroy the wight!
Cheibriados appreciates the change of pace.
The wight hits you from afar with a +3 halberd!
You die...

#############..........#
.................#####.#
.................#
.................#
.................#
.................#
.................#
.................#
.........(.....)@#
...............5.#
................z#
.....>...........#
.................#
.................# .....
...........# ....
...........# ...
...........#


You could see a wight (ally target) and a friendly iron imp (summoned).

Vanquished Creatures
  3 yaks
  A water moccasin (D:6)
  2 ice beasts (D:6)
  An ogre (D:4)
  A centaur (D:5)
  A phantom (D:5)
  3 scorpions
  A wight (D:6)
  4 hounds
  A jelly (D:5)
  2 bombardier beetles (D:5)
  2 sleepcaps
  An iguana (D:6)
  An orc wizard (D:5)
  5 adders
  2 ufetubi (D:4)
  2 ribbon worms (D:5)
  4 dart slugs
  7 orcs
  3 endoplasms
  5 giant cockroaches
  11 goblins
  8 hobgoblins
  5 kobolds
  2 quokkas
  3 ball pythons
  4 bats
  4 frilled lizards
  A goblin skeleton (D:5)
  7 rats
97 creatures vanquished.

Vanquished Creatures (collateral kills)
  Grinder (D:3)
  A black bear (D:6)
  A bombardier beetle (D:4)
  2 hounds (D:6)
  2 adders
  A ribbon worm (D:2)
  A dart slug (D:4)
  An orc (D:4)
  A ball python (D:3)
  An endoplasm (D:4)
  A giant cockroach (D:1)
  A goblin (D:4)
  A hobgoblin (D:2)
  A frilled lizard (D:1)
16 creatures vanquished.

Grand Total: 113 creatures vanquished

Notes
Turn   | Place    | Note
-------+----------+-------------------------------------------
     0 | D:1      | Amplified the Demonspawn Wanderer began the quest for the
                  | Orb.
     0 | D:1      | Amplified set off with the following items: a +0 dagger, 7
                  | poisoned darts, a potion of might, a +0 leather armour; and
                  | the following spell memorised: Apportation; and the
                  | following spells available to memorise: Jinxbite,
                  | Ensorcelled Hibernation, Passage of Golubria, Iskenderun's
                  | Mystic Blast.
     0 | D:1      | Reached XP level 1. HP: 13/13 MP: 2/2
   172 | D:1      | Gained mutation: A weak demonic guardian rushes to your
                  | aid. [demonic ancestry]
   172 | D:1      | Reached XP level 2. HP: 17/20 MP: 3/3
   192 | D:1      | Reached skill level 1 in Fighting
   192 | D:1      | Reached skill level 2 in Invocations
   264 | D:1      | Found a faded altar of an unknown god.
   303 | D:1      | Prayed at the altar of an unknown god.
   303 | D:1      | Became a worshipper of Cheibriados the Contemplative
   303 | D:1      | Reached * piety under Cheibriados
   678 | D:1      | Reached XP level 3. HP: 15/26 MP: 4/4
   786 | D:1      | Gained mutation: You do not regenerate when monsters are
                  | visible. [potion of mutation]
   786 | D:1      | Gained mutation: Your mind is acute. (Int +4, Str/Dex -1)
                  | [potion of mutation]
  1490 | D:3      | Reached ** piety under Cheibriados
  1509 | D:3      | Noticed Grinder
  1533 | D:2      | Reached skill level 3 in Invocations
  1533 | D:2      | Reached XP level 4. HP: 25/33 MP: 3/6
  2257 | D:3      | Reached skill level 1 in Maces & Flails
  2275 | D:3      | Killed Grinder
  2276 | D:3      | Reached skill level 4 in Invocations
  2276 | D:3      | Gained mutation: When seriously injured, your blood forms
                  | armour. (AC +6) [demonic ancestry]
  2276 | D:3      | Reached XP level 5. HP: 28/41 MP: 2/8
  2276 | D:3      | Gained mutation: You have a small tail. [demonic ancestry]
  2276 | D:3      | Reached XP level 6. HP: 33/47 MP: 2/9
  3011 | D:4      | Reached skill level 5 in Invocations
  3012 | D:4      | HP: 2/47 [frozen (4)]
  3056 | D:4      | Found a broken altar of Ashenzari.
  3064 | D:4      | Gained mutation: You have a tail ending in a sharp stinger.
                  | [demonic ancestry]
  3064 | D:4      | Reached XP level 7. HP: 12/52 MP: 5/10
  3728 | D:5      | Entered Level 5 of the Dungeon
  3790 | D:5      | Noticed a human
  3790 | D:5      | Noticed a yak
  3790 | D:5      | Noticed a yak
  3790 | D:5      | Noticed a yak
  3790 | D:5      | Found a runed translucent door.
  4122 | D:5      | Killed a yak
  4123 | D:5      | Reached skill level 6 in Invocations
  4247 | D:5      | Found a basalt altar of Yredelemnul.
  4295 | D:4      | Killed a yak
  4296 | D:4      | Reached XP level 8. HP: 27/61 MP: 7/12
  4624 | D:5      | Reached skill level 5 in Fighting
  4866 | D:5      | Reached skill level 7 in Invocations
  5184 | D:6      | Reached skill level 5 in Armour
  5541 | D:6      | Reached XP level 9. HP: 60/69 MP: 10/14
  5625 | D:6      | Slain by a wight

Illustrated notes

Levels and vault maps discovered:
D:1:      nicolae_arrival_washed_ashore, layout_basic, serial_aquarium,
          aquarium_bridge_square [aquarium_subvault_wall,
          aquarium_subvault_wall, aquarium_subvault_window,
          aquarium_subvault_bridge], aquarium_bridge_straight
          [aquarium_subvault_bridge, aquarium_subvault_wall,
          aquarium_subvault_bridge, aquarium_subvault_wall],
          aquarium_window_fake, aquarium_window_3, aquarium_view_2d,
          aquarium_pool_2, shapermc_ecumenical_altar_totnotflames
D:2:      layout_loops_ring
D:3:      layout_rooms, mainiacjoe_sewer_entry_somewhere_in_here_2, uniq_grinder
D:4:      layout_layer_cave, lemuel_round_altar
D:5:      layout_loops_ring, dk_yredelemnul_ordeal
D:6:      layout_basic

Skill      XL: |  1  2  3  4  5  6  7  8 |
---------------+-------------------------+-----
Fighting       | 1 3 4 5 |  5.8
Invocations    | 2 3 4 5 6 7 |  7.9
Armour         | 2 3 4 5 |  5.4
Maces & Flails | 2 3 4 |  4.9
Throwing       | |  1.7
Stealth        | |  1.0
Spellcasting   | |  1.0
Hexes          | |  2.0
Translocations | |  1.7

Action                     |  1- 3 |  4- 6 |  7- 9 || total
---------------------------+-------+-------+-------++-------
  Melee: Dagger            |   209 |       |       ||   209
         Punch             |     3 |     3 |     3 ||     9
         Flail             |    11 |   108 |    46 ||   165
         Tailslap          |       |     6 |    22 ||    28
         Demon whip        |       |       |   123 ||   123
  Throw: Dart              |     3 |       |     7 ||    10
         Throwing net      |       |       |     1 ||     1
 Invoke: Bend Time         |     1 |    10 |    23 ||    34
  Evoke: Wand              |       |    11 |       ||    11
    Use: Scroll            |     6 |     5 |     4 ||    15
         Potion            |     7 |     3 |     1 ||    11
   Stab: Sleeping          |     2 |       |       ||     2
 Armour: Leather armour    |   123 |    26 |       ||   149
         Chain mail        |       |    43 |   178 ||   221
         Skin              |       |    14 |       ||    14
  Dodge: Dodged            |   150 |    75 |   105 ||   330
